 Dungeon Crawl Stone Soup version 0.26-a0-771-g060e6a62af (webtiles) character file.

Game seed: 17696490165053048082

80 Conn the Firebug (level 4, 0/27 HPs)
             Began as an Octopode Fire Elementalist on Nov 8, 2020.
             Slain by an adder (2 damage)
             ... on level 3 of the Dungeon.
             The game lasted 00:04:35 (2903 turns).

Conn the Firebug (Octopode Fire Elementalist)       Turns: 2903, Time: 00:04:35

Health: 0/27       AC:  1    Str:  7    XL:     4   Next: 39%
Magic:  7/7        EV: 13    Int: 18    God:
Gold:   121        SH:  0    Dex: 12    Spells: 0/7 levels left

rFire    . . .     SeeInvis .   d - +0 dagger
rCold    . . .     Faith    .   (no shield)
rNeg     . . .     Spirit   .   (helmet restricted)
rPois    .         Reflect  .   (no amulet)
rElec    .         Harm     .   l - ring of flight
rCorr    .         Rampage  .   (no ring)
MR       +....                  (no ring)
Stlth    +++.......             (no ring)
HPRegen  0.09/turn              (no ring)
MPRegen  0.10/turn              (no ring)
                                (no ring)
                                (no ring)

@: lethally poisoned (0 -> -5), very slightly contaminated, invisible
A: almost no armour, stealthy swim, amphibious, 8 rings, constrict 8, camouflage
1, magic resistance 1, gelatinous body 1
a: Evoke Flight


You were on level 3 of the Dungeon.
You visited 1 branch of the dungeon, and saw 3 of its levels.

You collected 121 gold pieces.

Inventory:

Hand Weapons
 d - a +0 dagger (weapon)
Missiles
 h - 4 atropa-tipped darts
 j - 7 curare-tipped darts (quivered)
Jewellery
 l - a ring of flight (left tentacle)
Scrolls
 c - a scroll of fog {unknown}
 e - 2 scrolls of noise {unknown}
 f - a scroll of teleportation {unknown}
 g - a scroll of fear {unknown}
 i - a scroll of enchant weapon {unknown}
 k - a scroll of remove curse {unknown}
Potions
 a - a potion of mutation
 b - a potion of invisibility


   Skills:
 + Level 0.7 Fighting
 + Level 0.4 Short Blades
 + Level 2.2 Dodging
 + Level 3.8 Stealth
 + Level 2.4 Spellcasting
 + Level 1.4 Conjurations
 + Level 3.8 Fire Magic


You couldn't memorise any spells.
You knew the following spells:

 Your Spells              Type           Power        Failure   Level
a - Foxfire               Conj/Fire      ##..         6%          1
b - Conjure Flame         Conj/Fire      ##......     17%         3
c - Inner Flame           Hex/Fire       #.......     24%         3

Your spell library contained the following spells:

 Spells                   Type           Power        Failure   Level
 Corona                   Hex            #......      17%         1
 Ensorcelled Hibernation  Hex/Ice        #.....       26%         2
 Dazzling Flash           Conj/Hex       #.....       36%         3
 Confusing Touch          Hex            #.......     45%         3
 Tukima's Dance           Hex            #.......     45%         3
 Sticky Flame             Conj/Fire      ##......     50%         4
 Fireball                 Conj/Fire      ##........   85%         5


Dungeon Overview and Level Annotations

Branches:
Dungeon (3/15)

Altars:
Ru
Wu Jian


Innate Abilities, Weirdness & Mutations

You cannot wear most types of armour.
You are very stealthy in the water. (Stealth+)
You are amphibious.
You can wear up to eight rings at the same time.
You can use your tentacles to constrict eight enemies at once.
Your skin changes colour to match your surroundings (Stealth+).
Your rubbery body absorbs attacks. (AC +1, EV +1)
You are resistant to hostile enchantments. (MR+)


Message History

You feel resistant to hostile enchantments.
The adder bites you.
* * * LOW HITPOINT WARNING * * *
It was a potion of invisibility.
You fade into invisibility!
The adder bites you.
* * * LOW HITPOINT WARNING * * *
You are lethally poisoned!
The adder poisons you!
The goblin shoots a stone.
The stone hits the adder.
The adder bites you.
* * * LOW HITPOINT WARNING * * *
You are very lightly contaminated with residual magic.
Okay, then.
Okay, then.
* * * LOW HITPOINT WARNING * * *
You feel sick.
* * * LOW HITPOINT WARNING * * *
You feel sick. The adder bites you.
You die...

.#... ... #.# .##.## #.#
...... #.# ##.### #. #.#
..... ...######.# ##########
##.#. ..#......# #.......g.
......#..........# #....g....
..........#.....@# #.........
.#..#.#........S####.........
....<............g.o.........
........######.#####(........
..........####.#####.........
....................g........
.....).##..#######....#####.#
...........### #.....
........................


You could see an adder.

Vanquished Creatures
  An adder (D:2)
  A worm (D:2)
  A dart slug (D:2)
  3 leopard geckos (D:2)
  4 bats
  6 giant cockroaches
  10 goblins
  5 hobgoblins (D:1)
  4 jackals (D:1)
  4 quokkas (D:2)
  5 frilled lizards
  7 kobolds
  8 rats
59 creatures vanquished.

Vanquished Creatures (collateral kills)
  2 foxfires (D:1)
2 creatures vanquished.

Vanquished Creatures (others)
  121 foxfires
  7 plants (D:1)
128 creatures vanquished.

Grand Total: 189 creatures vanquished

Notes
Turn   | Place    | Note
-------+----------+-------------------------------------------
     0 | D:1      | Conn the Octopode Fire Elementalist began the quest for the
                  | Orb.
     0 | D:1      | Reached XP level 1. HP: 11/11 MP: 3/3
   457 | D:1      | Reached XP level 2. HP: 17/17 MP: 0/5
   981 | D:1      | Reached XP level 3. HP: 18/21 MP: 6/6
  1768 | D:2      | Found a sacrificial altar of Ru.
  1799 | D:2      | Found a faded altar of an unknown god.
  2149 | D:2      | Reached XP level 4. HP: 27/27 MP: 3/7
  2456 | D:2      | Found an ornate altar of the Wu Jian Council.
  2799 | D:3      | Learned a level 3 spell: Conjure Flame
  2803 | D:3      | Learned a level 3 spell: Inner Flame
  2898 | D:3      | Gained mutation: You are robust. (+10% HP) [potion of
                  | mutation]
  2898 | D:3      | Lost mutation: You are robust. (+10% HP) [potion of
                  | mutation]
  2898 | D:3      | Gained mutation: You are resistant to hostile enchantments.
                  | (MR+) [potion of mutation]
  2903 | D:3      | Slain by an adder

Illustrated notes

Levels and vault maps discovered:
D:1:      eino_arrival_tree_alley, layout_basic, serial_bayou,
          serial_bayou_lagoon_a, serial_bayou_lake_a, serial_bayou_shore_b,
          serial_bayou_lagoon_b
D:2:      layout_loops_ring, lemuel_round_altar,
          chequers_ecumenical_altar_island, minivault_26,
          nicolae_ru_awakened_eye
D:3:      layout_basic, lemuel_doored_altar, gup_sewer_entry_spiral

Skill      XL: |  1  2 |
---------------+-------+-----
Stealth        | 3 |  3.8
Fighting       | |  0.7
Short Blades   | |  0.4
Dodging        | |  2.2
Spellcasting   | |  2.4
Conjurations   | |  1.4
Fire Magic     | |  3.8

Action                   |  1- 3 |  4- 6 || total
-------------------------+-------+-------++-------
Melee: Unarmed           |    22 |       ||    22
       Constrict         |    13 |     1 ||    14
       Tentacles         |     9 |       ||     9
       Dagger            |    31 |     3 ||    34
 Cast: Foxfire           |    48 |    21 ||    69
  Use: Potion            |       |     2 ||     2
 Stab: Sleeping          |     4 |       ||     4
Armor: Skin              |     7 |     2 ||     9
Dodge: Dodged            |    41 |     6 ||    47

Table legend: (Time is in decaauts)
 A = Elapsed time spent in this place.
 B = Non-inter-level travel time spent in this place.
 C = Inter-level travel time spent in this place.
 D = Time resting spent in this place.
 E = Time spent auto-exploring this place.
 F = Levels seen in this place.
 G = Mean time per level.
                   A        B        C        D        E       F      G
               +--------+--------+--------+--------+--------+-----+--------+
         Total |   2901 |   2831 |     70 |    525 |   1717 |   3 |  967.0 |
       Dungeon |   2901 |   2831 |     70 |    525 |   1717 |   3 |  967.0 |
               +--------+--------+--------+--------+--------+-----+--------+

Top non-repeatable levels by time:
     D:1: 1760 daAuts
     D:2: 998 daAuts
     D:3: 142 daAuts
